TOP OF THE 1ST |
Roy Eagle Squadron batting - Pitching for Elkins Sting Rays : LHP Robert Smith
|
Pitching: LHP Robert Smith
|
|
Batting: LHB Octávio Otero
|
0-0: Called Strike 0-1: DOUBLE (Flyball, 78D)
|
Batting: RHB Carl Curry
|
0-0: Called Strike Octávio Otero steals 3rd base 0-1: Fly out, F6 (Popup, 5D)
|
Batting: LHB Pedro Camacho
|
0-0: Ball 1-0: Ball 2-0: Ball 3-0: Base on Balls
|
Batting: LHB Quinn Webb
|
0-0: Called Strike 0-1: Called Strike 0-2: Ball 1-2: Fly out, F4 (Popup, 4M)
|
Batting: RHB Roberto Valentín
|
0-0: Ball Pedro Camacho steals 2nd base 1-0: Foul Ball, location: 2F 1-1: Fly out, F8 (Flyball, 8LD)
|
Top of the 1st over - 0 runs, 1 hit, 0 errors, 2 left on base; Roy 0 - Elkins 0 |
BOTTOM OF THE 1ST |
Elkins Sting Rays batting - Pitching for Roy Eagle Squadron : RHP Danny Owen
|
Pitching: RHP Danny Owen
|
|
Batting: LHB Rodrigo Díaz
|
0-0: Called Strike 0-1: Swinging Strike 0-2: Strikes out swinging
|
Batting: LHB Dax Valdéz
|
0-0: Foul Ball, location: 2F 0-1: Foul Ball, location: 2F 0-2: Foul Ball, location: 2F 0-2: Ball 1-2: Strikes out looking
|
Batting: RHB Jeff Cutright
|
0-0: Foul Ball, location: 2F 0-1: SINGLE (Groundball, 56D)
|
Batting: LHB Carlos Músquez
|
0-0: Ball 1-0: Foul Ball, location: 2F 1-1: Ball 2-1: DOUBLE (Flyball, 8RXD) Jeff Cutright to third Runner from 3rd tries for Home, SAFE, no throw
|
Batting: RHB César López
|
0-0: Ball 1-0: Ball 2-0: Called Strike 2-1: Ball 3-1: DOUBLE (Line Drive, 78D) Carlos Músquez scores
|
Batting: RHB Tulu Mbita
|
0-0: Ball 1-0: Foul Ball, location: 2F 1-1: Foul Ball, location: 2F 1-2: Strikes out swinging
|
Bottom of the 1st over - 2 runs, 3 hits, 0 errors, 1 left on base; Roy 0 - Elkins 2 |
TOP OF THE 2ND |
Roy Eagle Squadron batting - Pitching for Elkins Sting Rays : LHP Robert Smith
|
Batting: RHB Jeff Lawrence
|
0-0: Ball 1-0: Fly out, F8 (Line Drive, 8LM)
|
Batting: SHB Troy Holland
|
0-0: Called Strike 0-1: Ground out 6-3 (Groundball, 6)
|
Batting: LHB Robinson González
|
0-0: Ball 1-0: Called Strike 1-1: Foul Ball, location: 2F 1-2: Fly out, F3 (Popup, 3SF)
|
Top of the 2nd over - 0 runs, 0 hits, 0 errors, 0 left on base; Roy 0 - Elkins 2 |
BOTTOM OF THE 2ND |
Elkins Sting Rays batting - Pitching for Roy Eagle Squadron : RHP Danny Owen
|
Batting: LHB Bruce Shelton
|
0-0: Foul Ball, location: 2F 0-1: Ball 1-1: Fly out, F3 (Popup, 3F)
|
Batting: LHB Rafael Carrión
|
0-0: Ball 1-0: Ball 2-0: Ball 3-0: Base on Balls
|
Batting: RHB Félix Chávez
|
0-0: Foul Ball, location: 2F 0-1: Swinging Strike 0-2: Ball 1-2: Strikes out swinging
|
Batting: LHB Rodrigo Díaz
|
0-0: Ball 1-0: Called Strike Rafael Carrión steals 2nd base 1-1: Ball 2-1: Swinging Strike 2-2: Foul Ball, location: 2F 2-2: Ball 3-2: Base on Balls
|
Batting: LHB Dax Valdéz
|
0-0: Ball 1-0: Ball 2-0: Ball 3-0: Called Strike 3-1: Called Strike 3-2: SINGLE (Groundball, 4MS) (infield hit) Rafael Carrión to third Rodrigo Díaz to second
|
Batting: RHB Jeff Cutright
|
0-0: Ball 1-0: Ball 2-0: Called Strike 2-1: Swinging Strike 2-2: Ball 3-2: Strikes out swinging
|
Bottom of the 2nd over - 0 runs, 1 hit, 0 errors, 3 left on base; Roy 0 - Elkins 2 |
TOP OF THE 3RD |
Roy Eagle Squadron batting - Pitching for Elkins Sting Rays : LHP Robert Smith
|
Batting: SHB Dwight Hill
|
0-0: Foul Ball, location: 2F 0-1: Foul Ball, location: 2F 0-2: Strikes out swinging
|
Batting: LHB Octávio Otero
|
0-0: Foul Ball, location: 2F 0-1: Ball 1-1: Ball 2-1: Ball 3-1: Swinging Strike 3-2: Fly out, F6 (Popup, 6S)
|
Batting: RHB Carl Curry
|
0-0: Called Strike 0-1: Ball 1-1: Ball 2-1: Foul Ball, location: 2F 2-2: Foul Ball, location: 2F 2-2: Ground out 6-3 (Groundball, 6)
|
Top of the 3rd over - 0 runs, 0 hits, 0 errors, 0 left on base; Roy 0 - Elkins 2 |
BOTTOM OF THE 3RD |
Elkins Sting Rays batting - Pitching for Roy Eagle Squadron : RHP Danny Owen
|
Batting: LHB Carlos Músquez
|
0-0: Called Strike 0-1: Foul Ball, location: 2F 0-2: Strikes out swinging
|
Batting: RHB César López
|
0-0: Ball 1-0: Foul Ball, location: 2F 1-1: Called Strike 1-2: Foul Ball, location: 2F 1-2: Strikes out swinging
|
Batting: RHB Tulu Mbita
|
0-0: Ball 1-0: Ball 2-0: Ball 3-0: Called Strike 3-1: Foul Ball, location: 2F 3-2: Foul Ball, location: 2F 3-2: Base on Balls
|
Batting: LHB Bruce Shelton
|
0-0: Ball 1-0: Fielders Choice at 2nd, 6-4 (Groundball, 6)
|
Bottom of the 3rd over - 0 runs, 0 hits, 0 errors, 1 left on base; Roy 0 - Elkins 2 |
TOP OF THE 4TH |
Roy Eagle Squadron batting - Pitching for Elkins Sting Rays : LHP Robert Smith
|
Batting: LHB Pedro Camacho
|
0-0: Swinging Strike 0-1: Called Strike 0-2: SINGLE (Flyball, 7LM)
|
Batting: LHB Quinn Webb
|
0-0: Fly out, F9 (Flyball, 89M)
|
Batting: RHB Roberto Valentín
|
0-0: Ball 1-0: Ball 2-0: Grounds into double play, 6-4-3 (Groundball, 6)
|
Top of the 4th over - 0 runs, 1 hit, 0 errors, 0 left on base; Roy 0 - Elkins 2 |
BOTTOM OF THE 4TH |
Elkins Sting Rays batting - Pitching for Roy Eagle Squadron : RHP Danny Owen
|
Batting: LHB Rafael Carrión
|
0-0: Ball 1-0: SINGLE (Groundball, 56D)
|
Batting: RHB Félix Chávez
|
0-0: SINGLE (Groundball, 6MD) Rafael Carrión to second
|
Batting: LHB Rodrigo Díaz
|
0-0: Fly out, F9 (Flyball, 9LD) Runner from 2nd tags up, SAFE at 3rd, no throw
|
Batting: LHB Dax Valdéz
|
0-0: Ball 1-0: Ball 2-0: Ball 3-0: Called Strike 3-1: Foul Ball, location: 2F 3-2: Foul Ball, location: 2F 3-2: 3-RUN HOME RUN (Line Drive, 9LD), Distance : 354 ft
|
Batting: RHB Jeff Cutright
|
0-0: Ball 1-0: Ball 2-0: Ground out 4-3 (Groundball, 4M)
|
Batting: LHB Carlos Músquez
|
0-0: Fly out, F8 (Flyball, 8RS)
|
Bottom of the 4th over - 3 runs, 3 hits, 0 errors, 0 left on base; Roy 0 - Elkins 5 |
TOP OF THE 5TH |
Roy Eagle Squadron batting - Pitching for Elkins Sting Rays : LHP Robert Smith
|
Batting: RHB Jeff Lawrence
|
0-0: Ball 1-0: Ball 2-0: Swinging Strike 2-1: Foul Ball, location: 2F 2-2: Strikes out swinging
|
Batting: SHB Troy Holland
|
0-0: Ball 1-0: Called Strike 1-1: Foul Ball, location: 2F 1-2: Foul Ball, location: 2F 1-2: Strikes out looking
|
Batting: LHB Robinson González
|
0-0: Called Strike 0-1: Called Strike 0-2: Foul Ball, location: 2F 0-2: Ball 1-2: Ball 2-2: Strikes out swinging
|
Top of the 5th over - 0 runs, 0 hits, 0 errors, 0 left on base; Roy 0 - Elkins 5 |
TOP OF THE 6TH |
Roy Eagle Squadron batting - Pitching for Elkins Sting Rays : LHP Robert Smith
|
Batting: SHB Dwight Hill
|
0-0: Called Strike 0-1: Ball 1-1: Ball 2-1: Ball 3-1: Ground out 5-3 (Groundball, 56)
|
Batting: LHB Octávio Otero
|
0-0: Called Strike 0-1: Foul Ball, location: 2F 0-2: Ball 1-2: Foul Ball, location: 2F 1-2: Ground out 1-3 (Groundball, P)
|
Batting: RHB Carl Curry
|
0-0: Ball 1-0: Called Strike 1-1: Ball 2-1: Fly out, F3 (Popup, 3F)
|
Top of the 6th over - 0 runs, 0 hits, 0 errors, 0 left on base; Roy 0 - Elkins 7 |
BOTTOM OF THE 6TH |
Elkins Sting Rays batting - Pitching for Roy Eagle Squadron : RHP Mitch Dawson
|
Batting: LHB Carlos Músquez
|
0-0: Ball 1-0: Foul Ball, location: 2F 1-1: Swinging Strike 1-2: Foul Ball, location: 2F 1-2: Ball 2-2: SOLO HOME RUN (Flyball, 9D), Distance : 367 ft
|
Pitching: RHP Cisco Dávila
|
|
Batting: RHB César López
|
0-0: Ball 1-0: Fly out, F8 (Flyball, 89D)
|
Batting: RHB Tulu Mbita
|
0-0: Foul Ball, location: 2F 0-1: Foul Ball, location: 2F 0-2: SINGLE (Groundball, 56D)
|
Batting: LHB Bruce Shelton
|
0-0: Ball 1-0: Fly out, F3 (Line Drive, 3) Lined into DP, U3 (Line Drive, 3)
|
Bottom of the 6th over - 1 run, 2 hits, 0 errors, 0 left on base; Roy 0 - Elkins 8 |
TOP OF THE 7TH |
Roy Eagle Squadron batting - Pitching for Elkins Sting Rays : LHP Robert Smith
|
Batting: LHB Pedro Camacho
|
0-0: Ball 1-0: Swinging Strike 1-1: Fly out, F9 (Line Drive, 9)
|
Batting: LHB Quinn Webb
|
0-0: Ball 1-0: Foul Ball, location: 2F 1-1: Ball 2-1: Foul Ball, location: 2F 2-2: Ground out 6-3 (Groundball, 6)
|
Batting: RHB Roberto Valentín
|
0-0: Ball 1-0: Ball 2-0: Ground out 6-3 (Groundball, 6)
|
Top of the 7th over - 0 runs, 0 hits, 0 errors, 0 left on base; Roy 0 - Elkins 8 |
BOTTOM OF THE 7TH |
Elkins Sting Rays batting - Pitching for Roy Eagle Squadron : RHP Cisco Dávila
|
Batting: LHB Rafael Carrión
|
0-0: Foul Ball, location: 2F 0-1: Ground out U3 (Groundball, 34)
|
Batting: RHB Félix Chávez
|
0-0: Ball 1-0: Ground out 5-3 (Groundball, 56)
|
Batting: LHB Rodrigo Díaz
|
0-0: Fly out, F9 (Line Drive, 9D)
|
Bottom of the 7th over - 0 runs, 0 hits, 0 errors, 0 left on base; Roy 0 - Elkins 8 |
TOP OF THE 8TH |
Roy Eagle Squadron batting - Pitching for Elkins Sting Rays : LHP Robert Smith
|
Now in LF: Jesús Miranda
|
|
Batting: RHB Jeff Lawrence
|
0-0: Foul Ball, location: 2F 0-1: Ball 1-1: Swinging Strike 1-2: Foul Ball, location: 2F 1-2: Ball 2-2: Ground out 4-3 (Groundball, 34D)
|
Batting: SHB Troy Holland
|
0-0: Ball 1-0: Called Strike 1-1: Fly out, F7 (Flyball, 7S)
|
Batting: LHB Robinson González
|
0-0: Ground out 5-3 (Groundball, 5)
|
Top of the 8th over - 0 runs, 0 hits, 0 errors, 0 left on base; Roy 0 - Elkins 8 |
BOTTOM OF THE 8TH |
Elkins Sting Rays batting - Pitching for Roy Eagle Squadron : RHP Cisco Dávila
|
Batting: LHB Dax Valdéz
|
0-0: Ball 1-0: Ground out 4-3 (Groundball, 4)
|
Batting: RHB Jeff Cutright
|
0-0: Called Strike 0-1: Foul Ball, location: 2F 0-2: Strikes out swinging
|
Batting: LHB Carlos Músquez
|
0-0: Swinging Strike 0-1: Ball 1-1: Ball 2-1: SOLO HOME RUN (Flyball, 9LD), Distance : 349 ft
|
Batting: RHB César López
|
0-0: Foul Ball, location: 2F 0-1: Ball 1-1: Ball 2-1: Foul Ball, location: 2F 2-2: Strikes out swinging
|
Bottom of the 8th over - 1 run, 1 hit, 0 errors, 0 left on base; Roy 0 - Elkins 9 |
TOP OF THE 9TH |
Roy Eagle Squadron batting - Pitching for Elkins Sting Rays : LHP Robert Smith
|
Batting: SHB Dwight Hill
|
0-0: Ball 1-0: Ball 2-0: Ball 3-0: Called Strike 3-1: Base on Balls
|
Batting: LHB Octávio Otero
|
0-0: Ball 1-0: Foul Ball, location: 2F 1-1: DOUBLE (Groundball, 3L) Dwight Hill to third
|
Batting: RHB Carl Curry
|
0-0: Foul Ball, location: 2F 0-1: Ball 1-1: Foul Ball, location: 2F 1-2: Strikes out looking
|
Batting: LHB Pedro Camacho
|
0-0: Called Strike 0-1: Foul Ball, location: 2F 0-2: Ball 1-2: Ball 2-2: Fly out, F8 (Flyball, 8RS)
|
Batting: LHB Quinn Webb
|
0-0: Ball 1-0: Ball 2-0: Swinging Strike 2-1: Ball 3-1: Base on Balls
|
Batting: RHB Roberto Valentín
|
0-0: Called Strike 0-1: Foul Ball, location: 2F 0-2: Strikes out swinging
|
Top of the 9th over - 0 runs, 1 hit, 0 errors, 3 left on base; Roy 0 - Elkins 9 |
|